 Dungeon Crawl Stone Soup version 0.29.1-12-g30fa7ad0bf (webtiles) character file.

Game seed: 2158720992286943084

599 Revguard the Chopper (level 7, -2/54 HPs)
             Began as a Human Fighter on Jan 12, 2023.
             Slain by a gnoll
             ... wielding a +0 halberd
             ... led by a gnoll bouda
              (4 damage)
             ... on level 5 of the Dungeon.
             The game lasted 00:11:23 (6324 turns).

Revguard the Chopper (Human Fighter)                Turns: 6324, Time: 00:11:23

Health: -2/54      AC:  8    Str: 17    XL:     7   Next: 68%
Magic:  9/9        EV:  4    Int: 13    God:
Gold:   187        SH:  0    Dex: 11    Spells: 6/6 levels left

rFire   . . .      SeeInvis .   a - +0 war axe
rCold   . . .      Faith    .   g - +0 kite shield
rNeg    . . .      Spirit   .   b - +0 scale mail
rPois   .          Reflect  .   (no helmet)
rElec   .          Harm     .   (no cloak)
rCorr   +          Rampage  .   (no gloves)
Will    .....      Clarity  +   i - +0 pair of boots
Stlth   ..........              (no amulet)
HPRegen 0.18/turn               m - ring of resist corrosion
MPRegen 0.11/turn               (no ring)

@: held
A: hooves 1, clarity, clever 1, screaming 1
a: no special abilities


You were on level 5 of the Dungeon.
You visited 2 branches of the dungeon, and saw 6 of its levels.

You collected 304 gold pieces.
You spent 117 gold pieces at shops.

Inventory:

Hand Weapons
 a - a +0 war axe (weapon)
 j - a +0 hand axe of flaming
Armour
 b - a +0 scale mail (worn)
 g - a +0 kite shield (worn)
 i - a +0 pair of boots (worn)
Jewellery
 l - an amulet of faith
 m - a ring of resist corrosion (left hand)
Wands
 r - a wand of flame (24)
Scrolls
 p - a scroll of identify
 q - a scroll of fear {unknown}
Potions
 d - a potion of might
 e - 3 potions of brilliance
 f - a potion of ambrosia
 h - a potion of lignification
 k - 2 potions of cancellation
 o - 2 potions of degeneration {unknown}


   Skills:
 + Level 4.0 Fighting
 * Level 4.2 Axes
 + Level 3.9 Armour
 + Level 2.4 Dodging
 + Level 4.0 Shields
 + Level 2.7 Invocations
 + Level 2.4 Evocations


You had 6 spell levels left.
You didn't know any spells.
Your spell library contained the following spells:

 Spells                   Type           Power      Damage    Failure   Level
 Apportation              Tloc           0%         N/A       96%         1
 Necrotise                Necr           0%         1d4       96%         1
 Sandblast                Erth           0%         2d4       96%         1
 Summon Small Mammal      Summ           0%         N/A       96%         1
 Passwall                 Tmut/Erth      0%         N/A       99%         2
 Call Canine Familiar     Summ           0%         N/A       100%        3
 Stone Arrow              Conj/Erth      0%         3d7       100%        3
 Summon Guardian Golem    Hex/Summ       0%         N/A       100%        3


Dungeon Overview and Level Annotations

Branches:
Dungeon (5/15)             Temple (1/1) D:4

Altars:
Ashenzari
Cheibriados
Dithmenos
Gozag
Hepliaklqana
Kikubaaqudgha
Nemelex Xobeh
Okawaru
Qazlal
Ru
Sif Muna
Vehumet
Xom
Yredelemnul
Zin

Shops:
D:1 !   D:3 [


Innate Abilities, Weirdness & Mutations

You have large cloven feet.
You possess an exceptional clarity of mind.
Your mind is acute. (Int +4, Str/Dex -1)
You occasionally shout uncontrollably at your foes.


Message History

You barely miss the gnoll. The gnoll hits you with a +0 club.
You slash the gnoll!
The gnoll is severely wounded.
The gnoll barely misses you. The gnoll hits you with a +0 club.
You hit the gnoll but do no damage.
The gnoll is severely wounded.
The gnoll hits you with a +0 club.
The gnoll shouts!
You hit the gnoll but do no damage.
The gnoll is severely wounded.
You block the gnoll's attack. The gnoll hits you with a +0 club.
You slash the gnoll!
You kill the gnoll!
You hit the worm.
The worm is moderately wounded.
The worm barely misses you.
You slash the worm!
The worm is severely wounded.
You block the gnoll's attack. The worm bites you.
The gnoll hits you from afar with a +0 halberd!
You hit the worm.
The worm is severely wounded.
The gnoll hits you but does no damage. You block the worm's attack.
You barely miss the worm.
The worm is severely wounded.
The gnoll hits you from afar with a +0 halberd! x2
* * * LOW HITPOINT WARNING * * *
You block the worm's attack.
You hit the worm but do no damage.
The worm is severely wounded.
You block the gnoll's attack.
You slash the worm!
You kill the worm!
The gnoll hits you from afar with a +0 halberd.
* * * LOW HITPOINT WARNING * * *
The gnoll throws a throwing net.
The throwing net hits you.
You become entangled in the net!
You tear a large gash into the net.
The gnoll hits you from afar with a +0 halberd.
You die...

### ### #.# #.#
###########.###.##
#@...........)))..
#)################
######## ..g.
#.......#
#......#.##.##
#.#####.# #....).#
#.# #.# #.# #......#
#.# #.# #.. #>.....#
... #.# ####
###.#.##########
#.####...
#######.#.#........#
#....#.#.


You could see a gnoll.

Vanquished Creatures
  A black bear (D:4)
  2 scorpions (D:5)
  A jelly (D:4)
  A hound (D:5)
  A gnoll bouda (D:5)
  4 iguanas
  4 gnolls (D:5)
  4 adders
  4 worms
  A dart slug (D:4)
  16 orcs
  7 endoplasms
  A giant cockroach (D:2)
  11 goblins
  11 hobgoblins
  A quokka (D:5)
  9 ball pythons
  6 bats
  8 kobolds
  9 rats
102 creatures vanquished.

Vanquished Creatures (others)
  A plant (D:4)
1 creature vanquished.

Grand Total: 103 creatures vanquished

Notes
Turn   | Place    | Note
-------+----------+-------------------------------------------
     0 | D:1      | Revguard the Human Fighter began the quest for the Orb.
     0 | D:1      | Reached XP level 1. HP: 18/18 MP: 1/1
   322 | D:1      | Reached XP level 2. HP: 22/24 MP: 2/2
   383 | D:1      | Found Renon's Distillery.
   960 | D:2      | Reached skill level 1 in Invocations
   960 | D:2      | Reached XP level 3. HP: 18/29 MP: 3/3
  1451 | D:2      | Reached XP level 4. HP: 35/35 MP: 4/4
  1463 | D:2      | Reached skill level 1 in Evocations
  1526 | D:2      | Reached skill level 1 in Dodging
  1752 | D:2      | Found a faded altar of an unknown god.
  2017 | D:2      | Found a broken altar of Ashenzari.
  2024 | D:2      | Reached XP level 5. HP: 34/41 MP: 6/6
  2261 | D:2      | Gained mutation: You expend magic power (3 MP) to
                  | strengthen your wands. [potion of mutation]
  2261 | D:2      | Gained mutation: You are strong-willed. (Will+) [potion of
                  | mutation]
  2262 | D:2      | Lost mutation: You are strong-willed. (Will+) [potion of
                  | mutation]
  2262 | D:2      | Lost mutation: You expend magic power (3 MP) to strengthen
                  | your wands. [potion of mutation]
  2262 | D:2      | Gained mutation: You occasionally shout uncontrollably at
                  | your foes. [potion of mutation]
  2262 | D:2      | Gained mutation: You possess an exceptional clarity of
                  | mind. [potion of mutation]
  2262 | D:2      | Gained mutation: Your mind is acute. (Int +4, Str/Dex -1)
                  | [potion of mutation]
  2262 | D:2      | Gained mutation: You have large cloven feet. [potion of
                  | mutation]
  2495 | D:3      | Found Ifeocwav's Antique Armour Emporium.
  2546 | D:3      | Bought a kite shield for 117 gold pieces
  3472 | D:4      | Noticed a black bear
  3488 | D:4      | Killed a black bear
  3489 | D:4      | Reached XP level 6. HP: 28/47 MP: 7/7
  3947 | D:4      | Found a staircase to the Ecumenical Temple.
  3965 | Temple   | Entered the Ecumenical Temple
  4536 | D:4      | Found a glowing silver altar of Zin.
  4659 | D:5      | Entered Level 5 of the Dungeon
  4849 | D:5      | Found an iron altar of Okawaru.
  4863 | D:5      | Reached XP level 7. HP: 35/53 MP: 8/8
  6323 | D:5      | HP: 2/54 [gnoll/+0 halberd[a gnoll bouda] (6)]
  6324 | D:5      | Slain by a gnoll

Illustrated notes

Levels and vault maps discovered:
D:1:      saegor_arrival_simple_b, layout_basic, serial_shops,
          nicolae_square_shop
D:2:      layout_basic, basic_altar, hellmonk_ecumenical_altar_zigzags,
          grunt_ministairs_2, st_stairs_6, hex_large
D:3:      layout_basic, serial_shops, nicolae_shop_stone
D:4:      layout_basic, general_overflow_altar,
          minmay_temple_entry_gardened_gates, st_stairs_8
D:5:      layout_basic, mainiacjoe_overflow_brackets,
          hangedman_abyss_or_decor_lesser_grid, st_stairs_11
Temple:   nicolae_temple_figure_eight

Skill      XL: |  1  2  3  4  5  6  7 |
---------------+----------------------+-----
Invocations    | 1 2 |  2.7
Evocations     | 1 2 |  2.4
Dodging        | 1 2 |  2.4
Axes           | 3 4 |  4.2
Shields        | 4 |  4.0
Fighting       | 4 |  4.0
Armour         | |  3.9

Action                   |  1- 3 |  4- 6 |  7- 9 || total
-------------------------+-------+-------+-------++-------
Melee: War axe           |    65 |   205 |    79 ||   349
  Use: Potion            |       |     8 |     1 ||     9
       Scroll            |       |     6 |     2 ||     8
Armor: Scale mail        |    33 |   116 |    26 ||   175
       Skin              |       |    14 |       ||    14
Dodge: Dodged            |    32 |    97 |    26 ||   155
Block: Buckler           |    18 |    12 |       ||    30
       Kite shield       |       |    72 |    56 ||   128
